 Dungeon Crawl Stone Soup version 0.30.1-9-gdf580d7c3d (webtiles) character file.

Game seed: 17343499008792773597

9025 AceoftheBlades the Basher (level 11, -17/97 HPs)
             Began as a Minotaur Berserker on Sept 28, 2023.
             Was a High Priest of Trog.
             Demolished by an orc warrior
             ... wielding a +0 halberd
             ... led by Saint Roka
              (25 damage)
             ... while paralysed by an orc sorcerer
             ... on level 2 of the Orcish Mines on Sept 30, 2023.
             The game lasted 02:06:43 (9022 turns).

AceoftheBlades the Basher (Minotaur Berserker)      Turns: 9022, Time: 02:06:44

Health: -17/97     AC: 16    Str: 35    XL:     11   Next: 17%
Magic:  10/10      EV:  2    Int:  4    God:    Trog [*****.]
Gold:   942        SH:  0    Dex: 14    Spells: 10/10 levels left

rFire   . . .        t - +3 flail (protect)
rCold   . . .        l - +2 buckler "Utoc Hea" {Str+7}
rNeg    . . .        F - +0 acid dragon scales
rPois   +            (helmet restricted)
rElec   +            (no cloak)
rCorr   +            (no gloves)
SInv    .            p - +0 pair of boots
Will    .....        (no amulet)
Stlth   ++           i - ring of flight
HPRegen 0.36/turn    w - ring of Wavividu {rElec rPois Str+2 Dex+4}
MPRegen 0.12/turn

%: no passive effects
@: paralysed, under a protective aura, flying
A: horns 2, retaliatory headbutt
a: Renounce Religion, Berserk, Trog's Hand, Brothers in Arms


You were on level 2 of the Orcish Mines.
You worshipped Trog.
Trog was extremely pleased with you.
You visited 2 branches of the dungeon, and saw 12 of its levels.
You also visited: Ossuary.

You collected 942 gold pieces.

Inventory:

Hand Weapons
 a - a +0 mace
 f - a +0 great mace
 g - a +0 flail
 o - a +0 spear of venom
 r - a +0 halberd
 t - a +3 flail of protection (weapon)
 x - a +2 whip of freezing
 A - a +0 mace of holy wrath
 E - a +2 vampiric broad axe
 H - a +0 flail of draining
 M - a +2 whip of flaming
 O - the +9 quick blade of Indignation {heavy, rPois rN+ Str-5}
   (Trog gifted it to you on level 2 of the Orcish Mines)

   Str:       It affects your strength (-5).
   rPois:     It protects you from poison.
   rN:        It protects you from negative energy.
 P - a +2 heavy flail
 Q - a +0 morningstar of protection
Missiles
 c - 69 stones
 d - 3 throwing nets (quivered)
Armour
 b - a +0 animal skin
 e - a +1 ring mail
 l - the +2 buckler "Utoc Hea" (worn) {Str+7}
   (You found it on level 3 of the Dungeon)

   Str:       It affects your strength (+7).
 p - a +0 pair of boots (worn)
 F - +0 acid dragon scales (worn)
 N - +0 steam dragon scales
Jewellery
 i - a ring of flight (left hand)
 q - a ring of magical power
 w - the ring of Wavividu (right hand) {rElec rPois Str+2 Dex+4}
   (You found it on level 4 of the Dungeon)

   [ring of poison resistance]

   Str:       It affects your strength (+2).
   Dex:       It affects your dexterity (+4).
   rElec:     It insulates you from electricity.
   rPois:     It protects you from poison.
Wands
 m - a wand of roots (7)
 y - a wand of polymorph (7)
 I - a wand of mindburst (20)
Scrolls
 s - 3 scrolls of teleportation
 v - 2 scrolls of magic mapping
Potions
 h - 3 potions of brilliance
 j - 6 potions of curing
 k - 5 potions of lignification
 n - 4 potions of degeneration
 u - 2 potions of flight
 z - 4 potions of attraction
 B - 3 potions of might
 C - a potion of berserk rage
 D - 2 potions of haste {unknown}
 G - 2 potions of mutation {unknown}
 J - a potion of invisibility
 K - 7 potions of heal wounds
 L - a potion of cancellation {unknown}


   Skills:
 + Level 9.6 Fighting
 + Level 13.0 Maces & Flails
 + Level 0.9 Throwing
 + Level 7.5 Armour
 + Level 7.7 Dodging
 + Level 3.2 Stealth
 + Level 7.8 Shields


You had 10 spell levels left.
You didn't know any spells.
Your spell library contained the following spells:

 Spells                   Type           Power      Damage    Failure   Level
 Cigotuvi's Dreadful Rot  Necr/Pois/Air  0%         N/A       73%         2
 Sublimation of Blood     Necr           0%         N/A       73%         2
 Wereblood                Tmut           0%         N/A       73%         2
 Ozocubu's Armour         Ice            0%         N/A       91%         3
 Animate Armour           Summ/Erth      0%         N/A       100%        4
 Agony                    Necr           0%         N/A       100%        5
 Metabolic Englaciation   Hex/Ice        0%         N/A       100%        5
 Simulacrum               Ice/Necr       0%         N/A       100%        6
 Summon Hydra             Summ           0%         N/A       100%        7


Dungeon Overview and Level Annotations

Branches:
Dungeon (10/15)            Temple (0/1) D:7             Orc (2/2) D:10
    Elf (0/3) Orc:2       Ossuary (visited)
   Lair: D:8-11

Altars:
Ashenzari
Fedhas
Gozag
Hepliaklqana
Kikubaaqudgha
Ru
Yredelemnul

Shops:
D:1 [   Orc:2 ::(

Annotations:
Orc:2 Saint Roka


Innate Abilities, Weirdness & Mutations

You have a pair of horns on your head.
You reflexively headbutt those who attack you in melee.


Message History

The troll claws you but does no damage.
An orc comes into view. It is wielding a +0 dagger.
Saint Roka mumbles some strange prayers to Beogh against you.
Beogh smites you!
The orc wizard shouts!
An orc warrior comes into view. It is wielding a +0 scimitar.
Items here: )) [[ †.
You sock the orc knight!
Your weapon exudes an aura of protection.
The orc knight is lightly wounded.
Your ogre hits the troll with a +0 giant club!!
You barely miss the troll. You headbutt the troll!
You kill the troll!
Trog accepts your kill.
The orc sorcerer points at you and mumbles some strange words.
You suddenly lose the ability to move!
The orc hits you but does no damage.
The orc knight hits you with a +2 great sword of holy wrath!!
An orc comes into view. It is wielding a +0 flail.
The orc warrior hits you from afar with a +0 halberd!
Saint Roka roars a battlecry!
The orcs go into a battle-frenzy!
The orc wizard casts a spell.
The orc wizard flickers and vanishes!
Deactivating autopickup; reactivate with Ctrl-A.
An orc sorcerer and an orc knight come into view.
Your ogre hits the orc with a +0 giant club!!
The orc dies!
Trog accepts your kill.
An orc comes into view. It is wielding a +0 dagger.
The orc knight roars a battlecry!
Saint Roka goes into a battle-frenzy!
The orc warrior hits you with a +0 dire flail!
The orc warrior hits you from afar with a +0 halberd!
* * * LOW HITPOINT WARNING * * *
You hear a shout!
Your ogre barely misses the orc warrior.
The orc knight hits you with a +2 great sword of holy wrath!
* * * LOW HITPOINT WARNING * * *
The orc warrior hits you from afar with a +0 halberd!!
You die... ...........# #........... .......#..## #.o.# ##.......... ...#...##.# #ooo# #.......... ..#.......# 'oooo #.......... .......##.# #ooo#

#.......... ......##
# #o8o# #..........
.......# #.oo#
#.......... ........#
+o.o+ #..........
#........ #o@O#
.......... #.......
##...## ..##...#..
........ #8...8#
##.......... #.......
#.....###.....#####.
.#.#....
...##'''##.......# #.
).......
.................+ #.
.....#..
.....8.8.#)......#
).......
..........).......###
).......
.............∩.......


You could see Saint Roka (strong), 2 orc knights, 2 orc sorcerers, 5 orc
warriors, an orc wizard (strong), 7 orcs and a friendly ogre (summoned,
berserk).

Vanquished Creatures
  Pikel (D:8)
  An orc sorcerer (Orc:1)
  Joseph (D:8)
  Maggie (D:6)
  2 trolls (Orc:2)
  The ghost of Gatsu the Chopper, an amateur HOFi of Beogh (D:4)
  4 yaks (D:8)
  2 steam dragons
  9 orc warriors
  2 ice beasts
  4 black bears
  A sky beast (D:6)
  A lemure (D:8)
  A phantom (D:7)
  3 kobold brigands
  2 bullfrogs
  A wyvern zombie (D:7)
  A gnoll sergeant (D:8)
  3 scorpions
  9 killer bees (D:9)
  2 howler monkeys
  A bullfrog zombie (D:7)
  3 centaur zombies (D:7)
  A hound (D:5)
  2 jellies
  11 orc priests
  4 iguanas
  12 orc wizards
  2 sleepcaps
  A gnoll bouda (D:7)
  Natasha (thrice) (D:3)
  A killer bee zombie (D:7)
  2 mummies (Ossuary)
  A howler monkey zombie (D:7)
  20 gnolls
  4 adders (D:3)
  2 white imps
  2 ufetubi (D:6)
  6 adder zombies (Ossuary)
  3 worms (D:2)
  6 dart slugs
  65 orcs
  8 ball pythons
  6 endoplasms
  6 giant cockroaches
  2 gnoll zombies (Ossuary)
  6 goblins
  5 hobgoblins
  8 jackals
  3 quokkas
  6 bats
  14 frilled lizards
  A goblin zombie (D:7)
  4 hobgoblin zombies (Ossuary)
  A jackal zombie (D:7)
  23 kobolds
  3 kobold zombies (Ossuary)
  12 orc zombies (Ossuary)
  7 rats
  A rat zombie (D:7)
320 creatures vanquished.

Vanquished Creatures (collateral kills)
  Erica (D:8)
  An orc knight (Orc:1)
  A troll (D:10)
  A vampire (D:10)
  A steam dragon (D:10)
  3 orc warriors
  An orc priest (D:8)
  An orc wizard (Orc:1)
  7 orcs
17 creatures vanquished.

Grand Total: 337 creatures vanquished

Notes
Turn   | Place    | Note
-------+----------+-------------------------------------------
     0 | D:1      | AceoftheBlades the Minotaur Berserker began the quest for
                  | the Orb.
     0 | D:1      | Reached XP level 1. HP: 19/19 MP: 0/0
   120 | D:1      | Reached XP level 2. HP: 27/27 MP: 1/1
   155 | D:1      | Reached skill level 4 in Maces & Flails
   495 | D:1      | Reached XP level 3. HP: 33/33 MP: 2/2
   505 | D:1      | Found Teaso's Antique Armour Shop.
   550 | D:1      | Reached ** piety under Trog
   886 | D:1      | Reached XP level 4. HP: 7/41 MP: 3/3
  1371 | D:2      | Reached skill level 5 in Maces & Flails
  1433 | D:2      | Reached XP level 5. HP: 33/47 MP: 4/4
  1978 | D:3      | Reached skill level 5 in Fighting
  1991 | D:3      | Noticed Natasha
  2005 | D:3      | Killed Natasha
  2025 | D:3      | Noticed Natasha
  2030 | D:3      | Killed Natasha
  2030 | D:3      | Reached *** piety under Trog
  2191 | D:3      | Identified the +2 buckler "Utoc Hea" {Str+7}
  2269 | D:3      | Noticed Natasha
  2275 | D:3      | Killed Natasha
  2707 | D:3      | Reached XP level 6. HP: 56/56 MP: 5/5
  3109 | D:4      | Found a runed translucent gate.
  3110 | D:4      | Found a runed translucent gate.
  3110 | D:4      | Found an opulent altar of Gozag.
  3111 | D:4      | Found a runed translucent gate.
  3112 | D:4      | Noticed Gatsu's ghost (amateur HOFi)
  3149 | D:4      | Killed Gatsu's ghost
  3150 | D:4      | Reached skill level 6 in Maces & Flails
  3150 | D:4      | Reached skill level 1 in Shields
  3150 | D:4      | Reached XP level 7. HP: 24/62 MP: 6/6
  3339 | D:4      | Reached skill level 5 in Armour
  3777 | D:4      | Identified the ring of Wavividu {rElec rPois Str+2 Dex+4}
  3882 | D:5      | Entered Level 5 of the Dungeon
  4074 | D:5      | Reached skill level 7 in Maces & Flails
  4167 | D:5      | Reached **** piety under Trog
  4320 | D:5      | Reached XP level 8. HP: 61/71 MP: 7/7
  4678 | D:6      | Reached skill level 8 in Maces & Flails
  4678 | D:6      | Reached skill level 1 in Stealth
  4879 | D:6      | Reached skill level 5 in Dodging
  4979 | D:6      | Noticed Maggie
  4998 | D:6      | Killed Maggie
  5098 | D:6      | Reached skill level 9 in Maces & Flails
  5098 | D:6      | Reached XP level 9. HP: 78/79 MP: 8/8
  5261 | D:6      | Found a broken altar of Ashenzari.
  5372 | D:6      | Got the Directory of the Grave and Cleavage
  5542 | D:7      | Found a basalt altar of Yredelemnul.
  5590 | D:7      | Found a sand-covered staircase.
  5603 | Ossuary  | Entered an ossuary
  5631 | Ossuary  | Reached skill level 10 in Maces & Flails
  5681 | Ossuary  | Reached ***** piety under Trog
  5778 | D:7      | Found a staircase to the Ecumenical Temple.
  5864 | D:7      | Reached skill level 5 in Shields
  6305 | D:8      | Found a sacrificial altar of Ru.
  6346 | D:8      | Noticed Joseph
  6359 | D:8      | Killed Joseph
  6567 | D:8      | Noticed Erica
  6572 | D:8      | Killed Erica
  6573 | D:8      | Reached skill level 11 in Maces & Flails
  6573 | D:8      | Reached XP level 10. HP: 88/88 MP: 9/9
  6995 | D:8      | Noticed Pikel
  7004 | D:8      | Killed Pikel
  7527 | D:9      | Reached skill level 12 in Maces & Flails
  7586 | D:10     | Entered Level 10 of the Dungeon
  7618 | D:10     | Found a staircase to the Orcish Mines.
  7807 | D:9      | Found an ancient bone altar of Kikubaaqudgha.
  7813 | D:9      | Found a blossoming altar of Fedhas.
  7823 | D:9      | Found a hazy altar of Hepliaklqana.
  8293 | Orc:1    | Entered Level 1 of the Orcish Mines
  8296 | Orc:1    | Noticed an orc knight
  8296 | Orc:1    | Noticed an orc sorcerer
  8297 | Orc:1    | Noticed a smoke demon
  8301 | Orc:1    | Noticed an orange demon
  8325 | Orc:1    | Noticed an orange demon
  8330 | Orc:1    | Killed an orc sorcerer
  8333 | Orc:1    | Killed an orc knight
  8416 | Orc:2    | Entered Level 2 of the Orcish Mines
  8469 | Orc:2    | Found a staircase to the Elven Halls.
  8501 | Orc:2    | Reached XP level 11. HP: 97/97 MP: 10/10
  8567 | Orc:2    | Identified the +9 quick blade of Indignation {heavy, rPois
                  | rN+ Str-5} (Trog gifted it to you on level 2 of the Orcish
                  | Mines)
  8567 | Orc:2    | Received a gift from Trog
  8710 | Orc:2    | Found Eze Viez's Book Emporium.
  8920 | Orc:2    | Found Maifacs's Book Shop.
  8994 | Orc:2    | Found Fetteiro's Antique Weapon Shoppe.
  9015 | Orc:2    | Noticed an orc knight
  9016 | Orc:2    | Noticed Saint Roka
  9017 | Orc:2    | Noticed an orc sorcerer
  9018 | Orc:2    | Reached skill level 13 in Maces & Flails
  9020 | Orc:2    | Paralysed by an orc sorcerer for 2 turns
  9021 | Orc:2    | Noticed an orc sorcerer
  9021 | Orc:2    | Noticed an orc knight
  9022 | Orc:2    | Demolished by an orc warrior

Illustrated notes

Levels and vault maps discovered:
D:1:      ncdulo_lavacross, layout_basic, serial_shops, shop
D:2:      layout_loops_ring, serial_forest, infiniplex_forest_straight_4,
          infiniplex_forest_lined_room_2, infiniplex_forest_lined_2,
          infiniplex_forest_3_way, infiniplex_forest_lined_corner,
          infiniplex_forest_lined_room_2, hangedman_decor_peaks_small,
          nicolae_grassy_gnolls
D:3:      layout_basic, minmay_misc_feat_alley, uniq_natasha
D:4:      layout_rooms, ebering_ghost_gozag
D:5:      layout_layer_cave
D:6:      layout_cave_pools, general_overflow_altar, minmay_lizard_king,
          uniq_maggie
D:7:      layout_loops_corners, nicolae_yredelemnul_corpse_copse,
          minmay_temple_entry_butterflies, enter_ossuary_3, fountainhead,
          chequers_serial_rivers_room_a
D:8:      layout_rooms, nicolae_ru_awakened_eye, reono_crystal_passage,
          uniq_joseph, uniq_erica, uniq_pikel
D:9:      layout_long_grid, minmay_overflow_temple_star_quad
D:10:     layout_roguey, mainiacjoe_overflow_tiny_flanked, david_orc_2
Orc:1:    layout_caves, gammafunk_ghost_fury_of_okawaru,
          dreamdust_deal_with_the_devil
Orc:2:    grunt_orc_community_town_hall, layout_caves,
          grunt_orc_community_big_house_1, grunt_orc_community_big_house_2,
          grunt_orc_community_house_1, grunt_orc_community_house_2,
          grunt_orc_community_house_1, grunt_orc_community_house_1,
          serial_shops, nicolae_shop_dealshenge

Skill      XL: |  1  2  3  4  5  6  7  8  9 10 11 |
---------------+----------------------------------+-----
Maces & Flails | 4 5 6 7 9 11 12 13 | 13.0
Fighting       | 4 5 6 7 8 9 |  9.6
Dodging        | 3 4 5 6 7 |  7.7
Armour         | 3 4 5 6 7 |  7.5
Shields        | 1 2 4 5 7 |  7.8
Stealth        | 1 2 3 |  3.2
Throwing       | |  0.9

Action                     |  1- 3 |  4- 6 |  7- 9 | 10-12 || total
---------------------------+-------+-------+-------+-------++-------
  Melee: Mace              |    56 |       |    87 |       ||   143
         Headbutt          |     8 |    12 |    51 |    36 ||   107
         Great mace        |     9 |       |       |       ||     9
         Flail             |       |   116 |   230 |   194 ||   540
  Throw: Throwing net      |       |       |     2 |       ||     2
         Stone             |       |       |     1 |       ||     1
 Invoke: Berserk           |     4 |     4 |     3 |     1 ||    12
         Brothers in Arms  |       |       |     3 |     4 ||     7
    Use: Potion            |       |     5 |       |     3 ||     8
         Scroll            |       |     2 |    12 |     1 ||    15
   Stab: Sleeping          |       |       |     2 |       ||     2
         Distracted        |       |       |     1 |       ||     1
 Armour: Animal skin       |    16 |       |       |       ||    16
         Ring mail         |     2 |    51 |    44 |       ||    97
         Acid dragon scale |       |       |    56 |    57 ||   113
  Dodge: Dodged            |    63 |    85 |   148 |   102 ||   398
  Block: Buckler           |       |    16 |   117 |    57 ||   190
